 Dungeon Crawl Stone Soup version 0.29.0-4-gdea44cf6ec (webtiles) character file.

Game seed: 14886501928868905159

105 Destructed3 the Thaumaturge (level 4, -6/28 HPs)
             Began as a Gnoll Wanderer on Aug 27, 2022.
             Was a Believer of Hepliaklqana.
             Killed from afar by Grinder (14 damage)
             ... with a puff of flame
             ... while paralysed by Grinder
             ... on level 3 of the Dungeon.
             The game lasted 00:08:27 (4117 turns).

Destructed3 the Thaumaturge (Gnoll Wanderer)        Turns: 4117, Time: 00:08:28

Health: -6/28      AC:  2    Str: 11 (12) XL:     4   Next: 81%
Magic:  15/15      EV:  2    Int: 10 (13) God:    Hepliaklqana [**....]
Gold:   93         SH:  0    Dex: 11 (13) Spells: 17/21 levels left

rFire   . . .      SeeInvis .   a - +0 dagger
rCold   . . .      Faith    .   (no shield)
rNeg    . . .      Spirit   .   d - +0 robe
rPois   .          Reflect  .   (no helmet)
rElec   .          Harm     .   (no cloak)
rCorr   .          Rampage  .   (no gloves)
Will    .....      Rage     3%  (no boots)
Stlth   +++.......              (no amulet)
HPRegen 0.09/turn               (no ring)
MPRegen 0.14/turn               (no ring)

@: paralysed, flying
A: reduced essence, fangs 1, strong nose, distributed training, thin skeletal
structure 1, berserk 1
a: Renounce Religion, Recall Ancestor, Ancestor Identity


You were on level 3 of the Dungeon.
You worshipped Hepliaklqana.
Hepliaklqana was pleased with you.
You visited 1 branch of the dungeon, and saw 3 of its levels.

You collected 93 gold pieces.

Inventory:

Hand Weapons
 a - a +0 dagger (weapon)
Missiles
 b - 14 poisoned darts (quivered)
Armour
 d - a +0 robe (worn)
 m - a +3 chain mail
Scrolls
 c - a scroll of fear
 e - 2 scrolls of butterflies
 i - a scroll of amnesia {unknown}
 j - a scroll of poison {unknown}
 k - a scroll of immolation {unknown}
 n - 2 scrolls of identify
Potions
 f - 3 potions of curing
 g - a potion of berserk rage
 h - 2 potions of mutation


   Skills:
 + Level 1.3 Fighting
 + Level 1.3 Short Blades
 + Level 1.3 Long Blades
 + Level 1.3 Axes
 + Level 1.3 Maces & Flails
 + Level 1.3 Polearms
 + Level 1.3 Staves
 + Level 1.3 Ranged Weapons
 + Level 6.6 Throwing
 + Level 1.3 Armour
 + Level 1.3 Dodging
 + Level 1.3 Stealth
 + Level 1.3 Shields
 + Level 1.3 Unarmed Combat
 + Level 9.4 Spellcasting
 + Level 1.0 Conjurations
 + Level 1.0 Hexes
 + Level 1.0 Summonings
 + Level 1.0 Necromancy
 + Level 1.0 Translocations
 + Level 5.5 Transmutations
 + Level 1.0 Fire Magic
 + Level 1.0 Ice Magic
 + Level 1.0 Air Magic
 + Level 1.0 Earth Magic
 + Level 1.0 Poison Magic
 + Level 1.4 Invocations
 + Level 1.3 Evocations


You had 17 spell levels left.
You knew the following spells:

 Your Spells              Type           Power      Damage    Failure   Level
a - Summon Guardian Gole  Hex/Summ       6%         N/A       28%         3
b - Sting                 Tmut/Pois      44%        1d5       3%          1

Your spell library contained the following spells:

 Spells                   Type           Power      Damage    Failure   Level
 Beastly Appendage        Tmut           30%        N/A       1%          1
 Passwall                 Tmut/Erth      9%         N/A       6%          2
 Necrotise                Necr           24%        1d5       10%         1
 Ensorcelled Hibernation  Hex/Ice        12%        N/A       14%         2
 Ignite Poison            Fire/Tmut/Pois 9%         N/A       16%         3
 Swiftness                Air            6%         N/A       28%         3
 Vampiric Draining        Necr           6%         2d6       28%         3
 Ice Form                 Ice/Tmut       11%        N/A       36%         4
 Agony                    Necr           6%         N/A       95%         5
 Fireball                 Conj/Fire      3%         3d4       95%         5
 Iskenderun's Battlesphe  Conj           6%         2d6       95%         5
 Conjure Ball Lightning   Conj/Air       3%         3x3d6     100%        6
 Orb of Destruction       Conj           3%         9d5       100%        7
 Spellforged Servitor     Conj/Summ      3%         N/A       100%        7


Dungeon Overview and Level Annotations

Branches:
Dungeon (3/15)

Altars:
Hepliaklqana
Trog
Uskayaw

Annotations:
D:3 Grinder


Innate Abilities, Weirdness & Mutations

Your life essence is reduced to manifest your ancestor. (-10% HP)
You have very sharp teeth.
Your uncanny sense of smell can sniff out nearby items.
Your experience applies equally to all skills.
You have a somewhat thin skeletal structure. (Dex +2, Stealth+)
You sometimes lose your temper in combat.


Message History

Grinder is lightly wounded.
Grinder hits you!
You writhe in agony.
You barely miss Grinder.
Grinder is lightly wounded.
Grinder hits you.
* * * LOW HITPOINT WARNING * * *
You writhe in agony.
* * * LOW HITPOINT WARNING * * *
Tlalli hits Grinder with a +0 flail!
Grinder gestures at you.
Tlalli struggles to resist.
Tlalli hits Grinder with a +0 flail!
Grinder zaps a wand.
The puff of flame hits Tlalli.
Tlalli resists.
Tlalli hits Grinder with a +0 flail.
Grinder gestures at Tlalli.
Tlalli suddenly stops moving!
Grinder completely misses Tlalli.
Grinder says, "Don't move a muscle."
Grinder gestures at Tlalli.
Grinder hits Tlalli.
It was a potion of degeneration.
There was something very wrong with that liquid.
You feel weakened.
You feel dopey.
You feel clumsy.
Grinder hits Tlalli but does no damage.
It was a potion of flight.
You feel very buoyant.
You fly up into the air.
Grinder hits Tlalli but does no damage.
You feel better.
Grinder blinks!
You hit Grinder but do no damage.
Grinder is heavily wounded.
Grinder hits you.
You writhe in agony.
* * * LOW HITPOINT WARNING * * *
You hit Grinder but do no damage.
Grinder is heavily wounded.
Grinder gestures at you.
You suddenly lose the ability to move!
Grinder zaps a wand.
The puff of flame hits you!
Ouch! That really hurt!
You die...

### #.###...#....## ##.....# #
##.###.# #.#####..# ##.......
####...##.###...#....####........
'...............#...(...'........
####.................####........
# ##..##.###..###...# ##.......
##.############### ##....>#
##.##.#.####..).## ##...##
#.##...##.###..@5.#)# ##'##
#...8...#.....R.#### ####.###
#..#...#..#.....#.# #.......
.§.#..8..#.)..#.#### #####.##.###
..#.......#..#.#.# #.†........#
###.##.##.###############.......#
#####...### ...............# ..#
##.# ########..##....
.####...####. #.....##.#.#


You could see the friendly Tlalli the knight (paralysed) and Grinder (ally
target).

Vanquished Creatures
  An adder (D:2)
  A gnoll (D:1)
  A dart slug (D:1)
  2 orcs (D:3)
  6 ball pythons
  4 endoplasms
  2 giant cockroaches (D:1)
  3 goblins
  2 hobgoblins
  2 quokkas
  A bat (D:2)
  A frilled lizard (D:1)
  4 kobolds
  9 rats
39 creatures vanquished.

Vanquished Creatures (collateral kills)
  An iguana (D:3)
  2 worms
  A bat (D:2)
  An endoplasm (D:2)
  2 ball pythons
  2 goblins
9 creatures vanquished.

Grand Total: 48 creatures vanquished

Notes
Turn   | Place    | Note
-------+----------+-------------------------------------------
     0 | D:1      | Reached skill level 9 in Spellcasting
     0 | D:1      | Destructed3 the Gnoll Wanderer began the quest for the Orb.
     0 | D:1      | Destructed3 set off with the following items: a +0 dagger,
                  | 14 poisoned darts, a scroll of fear, a +0 robe; and the
                  | following spells available to memorise: Beastly Appendage,
                  | Sting, Ignite Poison, Ice Form.
     0 | D:1      | Reached XP level 1. HP: 13/13 MP: 10/10
   476 | D:1      | Reached XP level 2. HP: 14/19 MP: 12/12
   569 | D:1      | Gained mutation: You sometimes lose your temper in combat.
                  | [potion of mutation]
   569 | D:1      | Gained mutation: You have a somewhat thin skeletal
                  | structure. (Dex +2, Stealth+) [potion of mutation]
  1035 | D:1      | Found a faded altar of an unknown god.
  1041 | D:1      | Prayed at the altar of an unknown god.
  1041 | D:1      | Became a worshipper of Hepliaklqana the Forgotten
  1041 | D:1      | Reached * piety under Hepliaklqana
  1180 | D:1      | Reached XP level 3. HP: 22/22 MP: 13/13
  1606 | D:2      | Reached skill level 1 in Invocations
  2172 | D:2      | Reached skill level 1 in Fighting
  2172 | D:2      | Reached skill level 1 in Short Blades
  2172 | D:2      | Reached skill level 1 in Long Blades
  2172 | D:2      | Reached skill level 1 in Axes
  2172 | D:2      | Reached skill level 1 in Maces & Flails
  2172 | D:2      | Reached skill level 1 in Polearms
  2172 | D:2      | Reached skill level 1 in Staves
  2172 | D:2      | Reached skill level 1 in Ranged Weapons
  2172 | D:2      | Reached skill level 1 in Armour
  2172 | D:2      | Reached skill level 1 in Dodging
  2172 | D:2      | Reached skill level 1 in Stealth
  2172 | D:2      | Reached skill level 1 in Shields
  2172 | D:2      | Reached skill level 1 in Unarmed Combat
  2172 | D:2      | Reached skill level 1 in Evocations
  2581 | D:2      | Reached XP level 4. HP: 17/28 MP: 15/15
  2590 | D:2      | Learned a level 3 spell: Summon Guardian Golem
  2592 | D:2      | Learned a level 1 spell: Sting
  2852 | D:3      | Reached ** piety under Hepliaklqana
  2853 | D:3      | Remembered your ancestor Tlalli as a knight
  2955 | D:3      | Found a bloodstained altar of Trog.
  3207 | D:3      | Found a hide-covered altar of Uskayaw.
  3396 | D:3      | Reached skill level 1 in Conjurations
  3396 | D:3      | Reached skill level 1 in Hexes
  3396 | D:3      | Reached skill level 1 in Summonings
  3396 | D:3      | Reached skill level 1 in Necromancy
  3396 | D:3      | Reached skill level 1 in Translocations
  3396 | D:3      | Reached skill level 1 in Fire Magic
  3396 | D:3      | Reached skill level 1 in Ice Magic
  3396 | D:3      | Reached skill level 1 in Air Magic
  3396 | D:3      | Reached skill level 1 in Earth Magic
  3396 | D:3      | Reached skill level 1 in Poison Magic
  3931 | D:3      | Noticed Grinder
  4116 | D:3      | Paralysed by Grinder for 3 turns
  4117 | D:3      | Killed from afar by Grinder

Illustrated notes

Levels and vault maps discovered:
D:1:      doesnt_arrival_eight_statues, layout_loops_ring,
          hellmonk_ecumenical_altar_heavens_door
D:2:      layout_loops_corners
D:3:      wad_crossroads, layout_loops_corners, mainiacjoe_overflow_24_doors,
          old_standard_altar, minivault_5, uniq_grinder, uniq_pargi

Skill      XL: |  1  2  3  4 |
---------------+-------------+-----
Spellcasting   | |  9.4
Invocations    | 1 |  1.4
Fighting       | 1 |  1.3
Short Blades   | 1 |  1.3
Long Blades    | 1 |  1.3
Axes           | 1 |  1.3
Maces & Flails | 1 |  1.3
Polearms       | 1 |  1.3
Staves         | 1 |  1.3
Ranged Weapons | 1 |  1.3
Armour         | 1 |  1.3
Dodging        | 1 |  1.3
Stealth        | 1 |  1.3
Shields        | 1 |  1.3
Unarmed Combat | 1 |  1.3
Evocations     | 1 |  1.3
Conjurations   | 1 |  1.0
Hexes          | 1 |  1.0
Summonings     | 1 |  1.0
Necromancy     | 1 |  1.0
Translocations | 1 |  1.0
Fire Magic     | 1 |  1.0
Ice Magic      | 1 |  1.0
Air Magic      | 1 |  1.0
Earth Magic    | 1 |  1.0
Poison Magic   | 1 |  1.0
Throwing       | |  6.6
Transmutations | |  5.5

Action                   |  1- 3 |  4- 6 || total
-------------------------+-------+-------++-------
Melee: Dagger            |   110 |    49 ||   159
       Bite              |     9 |     9 ||    18
Invok: Recall Ancestor   |     2 |       ||     2
       Ancestor Identity |     1 |       ||     1
       Ancestor Life: Kn |       |     1 ||     1
  Use: Potion            |     1 |     3 ||     4
       Scroll            |     3 |       ||     3
 Stab: Sleeping          |    10 |     6 ||    16
Armor: Robe              |    19 |     2 ||    21
Dodge: Dodged            |    61 |    18 ||    79
